 Dungeon Crawl Stone Soup version 0.15-a0-1506-g1b030bc (webtiles) character file.

147 Ketzer the Skirmisher (level 5, 0/46 (47) HPs)
             Began as a Ghoul Chaos Knight on June 15, 2014.
             Was a Plaything of Xom.
             Slain by valor's ghost (2 damage)
             ... on Level 3 of the Dungeon.
             The game lasted 00:21:13 (2026 turns).

Ketzer the Skirmisher (Ghoul Chaos Knight)          Turns: 2026, Time: 00:21:13

HP   0/46 (47)   AC  8     Str 17      XL: 5   Next: 29%
MP   4/4         EV 16     Int  7      God: Xom
Gold 81          SH  0     Dex 13      Spells:  0 memorised,  4 levels left

rFire  . . .     SeeInvis .     a - +0 falchion (chaos)
rCold  + . .     Clarity  +     b - +2 leather armour
rNeg   + + +     rCorr    .     (no shield)
rPois  +         rRot     +     s - +1 helmet
rElec  .         Spirit   .     x - +0 cloak
SustAb .         Warding  .     (no gloves)
rMut   .         Stasis   .     (no boots)
Saprov + + +                    f - amulet of clarity
MR     .....                    (no ring)
                                (no ring)

@: agile, rotting, not resistant to hostile enchantments, unstealthy
A: rotting body, claws 1, carnivore 3, cold resistance 1, life protection 3,
poison resistance, saprovore 3, slow healing 1, torment resistance, unbreathing
a: Renounce Religion


You were on level 3 of the Dungeon.
You worshipped Xom.
You were a toy of Xom.
You were not hungry.

You visited 1 branch of the dungeon, and saw 3 of its levels.

You collected 81 gold pieces.

Inventory:

Hand weapons
 a - a +0,+0 falchion of chaos (weapon)
Missiles
 c - 18 arrows
Armour
 b - a +2 leather armour (worn)
 s - a +1 helmet (worn)
 x - a +0 cloak (worn)
Magical devices
 o - a wand of teleportation (0)
 r - a wand of digging (6)
Comestibles
 g - 2 beef jerkies
 i - a rotting chunk of bat flesh
 n - 4 meat rations
 q - 3 chunks of jackal flesh
 t - a royal jelly
 w - a chunk of rat flesh
Scrolls
 d - 2 scrolls of identify
 e - a scroll of enchant armour {unknown}
 h - a scroll of remove curse {unknown}
 j - 2 scrolls of enchant weapon I {unknown}
 p - a scroll of teleportation {unknown}
Jewellery
 f - an amulet of clarity (around neck)


   Skills:
 + Level 4.3 Fighting
 + Level 3.6 Long Blades
 + Level 2.6 Armour
 + Level 2.1 Dodging


You had 4 spell levels left.
You didn't know any spells.

Dungeon Overview and Level Annotations

Branches:
Dungeon (3/15)

Altars:
Okawaru

Annotations:
D:3 valor's ghost, average DsTm


Innate Abilities, Weirdness & Mutations

Your body is rotting away.
You have sharp fingernails.
You are carnivorous and can eat meat at any time.
Your flesh is cold resistant.
You are immune to negative energy.
Your system is resistant to poisons.
You thrive on rotten meat.
You heal slowly when monsters are visible.
You are immune to unholy pain and torment.
You can survive without breathing.


Message History

The magic dart hits you!
Drink which item? (? for menu, Esc to quit)
You suddenly lose the ability to move!
It was a potion of paralysis.
Valor's ghost hits you but does no damage.
The kobold zaps a wand.
The magic dart hits you!
* * * LOW HITPOINT WARNING * * *
Valor's ghost hits you.
* * * LOW HITPOINT WARNING * * *
The kobold hits you.
* * * LOW HITPOINT WARNING * * *
You can move again.
Read which item? (? for menu, Esc to quit)
As you read the scroll labeled YLEQYEJERO, it crumbles to dust.
It is a scroll of identify.
Identify which item? (\ to view known items) (? for menu, Esc to quit)
r - a wand of digging (6) Xom makes a sudden noise!
You hear a mighty clap of thunder!
Valor's ghost hits you.
You die...
Xom titters!

, #.......# #.#.....
.......#...###.#+####
........#...#.........
.........#...#.........
..........#...#.........
(#.....!..#...#*#.......
.................#......
#.................###....
.......W@.........# #....
........K..........###....
#.........................
#.......................
#####.......................
#.........(.................
#............#..............
#.........####..............
#.........# #........##....


You could see valor's ghost and a kobold.

Vanquished Creatures
  Sigmund (D:2)
  An adder (D:2)
  2 worms
  2 giant geckos
  An ooze (D:2)
  An orc (D:3)
  A ball python (D:3)
  6 bats
  5 giant cockroaches
  7 hobgoblins
  3 jackals (D:3)
  8 kobolds
  2 giant newts
  6 goblins
  A quokka (D:3)
  9 rats
56 creatures vanquished.

Vanquished Creatures (collateral kills)
  A hobgoblin (D:3)
  A bat (D:3)
2 creatures vanquished.

Grand Total: 58 creatures vanquished

Notes
Turn   | Place    | Note
--------------------------------------------------------------
     0 | D:1      | Ketzer, the Ghoul Chaos Knight, began the quest for the Orb.
     0 | D:1      | Reached XP level 1. HP: 19/19 MP: 1/1
   312 | D:1      | Reached skill level 1 in Dodging
   312 | D:1      | Reached XP level 2. HP: 24/26 MP: 2/2
   345 | D:1      | XOM: silly message
   383 | D:1      | XOM: cast spell 'Blink'
   975 | D:2      | Reached XP level 3. HP: 30/33 MP: 3/3
  1043 | D:2      | XOM is BORED!
  1043 | D:2      | XOM: noise
  1100 | D:2      | XOM: silly message
  1124 | D:2      | XOM: colour smoke trail
  1125 | D:2      | XOM: harmless Pois miscast
  1342 | D:2      | Noticed Sigmund
  1344 | D:2      | XOM: summons friendly quasit
  1346 | D:2      | XOM: enchant monster (good)
  1363 | D:2      | Killed Sigmund
  1363 | D:2      | Reached skill level 4 in Fighting
  1363 | D:2      | Reached XP level 4. HP: 31/40 MP: 3/3
  1363 | D:2      | Reached XP level 5. HP: 35/46 MP: 4/4
  1516 | D:3      | XOM: divination: magic mapping
  1525 | D:3      | Found an iron altar of Okawaru.
  1614 | D:3      | XOM: scenery: 1 doors open
  2004 | D:3      | Noticed valor's ghost (average DsTm)
  2024 | D:3      | Paralysed by a potion of paralysis for 2 turns
  2025 | D:3      | HP: 2/46 [kobold (2)]
  2026 | D:3      | XOM: noise
  2026 | D:3      | Slain by valor's ghost

Action                   |  1- 3 |  4- 6 || total
-------------------------+-------+-------++-------
Melee: Falchion          |   132 |    56 ||   188
Throw: Javelin           |       |     6 ||     6
  Use: Potion            |       |     4 ||     4
       Scroll            |       |     1 ||     1
 Stab: Distracted        |     2 |       ||     2
       Paralysed         |     1 |       ||     1
